 Dungeon Crawl Stone Soup version 0.24-a0-275-g6f7e2cb4ba (webtiles) character file.

Game seed: 13045516047008366552

6168 HAL9000 the Unseen (level 10, 0/46 HPs)
             Began as a Vine Stalker Assassin on Apr 28, 2019.
             Was an Elder of Dithmenos.
             Succumbed to Sonja's poison
             ... on level 10 of the Dungeon.
             The game lasted 00:22:27 (9279 turns).

HAL9000 the Unseen (Vine Stalker Assassin)          Turns: 9279, Time: 00:22:28

Health: 0/46       AC:  7    Str: 21    XL:     10   Next: 90%
Magic:  3/11       EV: 11    Int: 15    God:    Dithmenos [****..]
Gold:   465        SH:  0    Dex: 21    Spells: 4/9 levels left

rFire    . . .     SeeInvis .   v - +4 short sword (drain)
rCold    + . .     Gourm    .   (no shield)
rNeg     . . .     Faith    .   L - +1 leather armour {rC+}
rPois    .         Spirit   +   u - +0 helmet
rElec    .         Reflect  .   r - +1 cloak {MR+}
rCorr    .         Harm     .   (no gloves)
MR       ++...                  (no boots)
Stlth    +++++++++.             I - amulet of regeneration
HPRegen  0.95/turn              d - +5 ring of dexterity
MPRegen  0.12/turn              Q - +3 ring of intelligence

@: mighty, lethally poisoned (0 -> -48), hasted and slowed, wreathed by umbra
A: fangs 3, regeneration 1, magic shield, antimagic bite, no potion heal 3, rot
immunity
a: Shadow Step, Renounce Religion


You were on level 10 of the Dungeon.
You worshipped Dithmenos.
Dithmenos was greatly pleased with you.
You were not hungry.

You visited 2 branches of the dungeon, and saw 11 of its levels.
You also visited: Sewer.

You collected 465 gold pieces.

Inventory:

Hand Weapons
 a - a +2 dagger
 b - a +0 blowgun
 v - a +4 short sword of draining (weapon)
Missiles
 e - 54 poisoned needles
 k - 27 tomahawks
 w - 3 javelins (quivered)
 G - 8 needles of confusion
 M - 2 throwing nets
Armour
 r - a +1 cloak of magic resistance (worn)
 u - a +0 helmet (worn)
 L - a +1 leather armour of cold resistance (worn)
 N - a +0 shield
Jewellery
 d - a +5 ring of dexterity (left hand)
 I - an amulet of regeneration (around neck)
 K - a +4 amulet of reflection
 Q - a +3 ring of intelligence (right hand)
Wands
 f - a wand of random effects (15)
 E - a wand of scattershot (3)
Scrolls
 c - 2 scrolls of fear {unknown}
 j - 3 scrolls of magic mapping
 l - 2 scrolls of blinking {unknown}
 n - a scroll of random uselessness {unknown}
 p - a scroll of vulnerability {unknown}
 q - 3 scrolls of remove curse
 t - a scroll of fog {unknown}
 x - 2 scrolls of enchant weapon {unknown}
 y - 2 scrolls of teleportation {unknown}
 z - a scroll of immolation {unknown}
 C - 4 scrolls of amnesia
 D - a scroll of silence {unknown}
 P - a scroll of summoning {unknown}
Potions
 h - 3 potions of lignification
 i - 9 potions of curing
 m - 3 potions of agility
 s - 3 potions of cancellation
 B - 3 potions of brilliance
 F - a potion of ambrosia
 H - a potion of resistance
 J - 3 potions of invisibility
Comestibles
 g - 21 rations
 R - 3 chunks of flesh


   Skills:
 - Level 1.7 Fighting
 + Level 9.4 Short Blades
 - Level 1.7 Throwing
 - Level 0.7 Dodging
 + Level 15.9 Stealth


You had 4 spell levels left.
You knew the following spells:

 Your Spells              Type           Power        Failure   Level  Hunger
a - Regeneration          Chrm/Necr      #.........   67%         3    ####...
b - Blink                 Tloc           N/A          43%         2    ###....

Your spell library contained the following spells:

 Spells                   Type           Power        Failure   Level  Hunger
 Animate Skeleton         Necr           N/A          30%         1    ##.....
 Magic Dart               Conj           #...         30%         1    ##.....
 Pain                     Necr           #...         30%         1    ##.....
 Call Imp                 Summ           #.......     43%         2    ###....
 Slow                     Hex            #.......     43%         2    ###....
 Conjure Flame            Conj/Fire      #.......     67%         3    ####...
 Mephitic Cloud           Conj/Pois/Air  #.......     67%         3    ####...
 Vampiric Draining        Necr           #.........   67%         3    ####...
 Animate Dead             Necr           N/A          97%         4    #####..


Dungeon Overview and Level Annotations

Branches:
Dungeon (10/15)            Temple (1/1) D:4            Lair (0/6) D:10
    Orc (0/2) D:10

Altars:
Ashenzari
Cheibriados
Dithmenos
Elyvilon
Fedhas
Gozag
Hepliaklqana
Kikubaaqudgha
Makhleb
Nemelex Xobeh
Okawaru
Qazlal
Ru
Sif Muna
Trog
Uskayaw
Vehumet
Wu Jian
Xom
Yredelemnul
Zin
The Shining One

Shops:
D:4 }

Annotations:
D:3 Natasha
D:10 Josephine, Sonja


Innate Abilities, Weirdness & Mutations

You have razor-sharp teeth.
Your natural rate of healing is unusually fast.
When hurt, damage is shared between your health and your magic reserves.
Your bite disrupts and absorbs the magic of your enemies.
Potions cannot restore your health.
You are immune to rotting.


Message History

Sonja closely misses you.
Okay, then.
Okay, then.
You feel yourself speed up.
* * * LOW HITPOINT WARNING * * *
You feel very sick. Sonja hits you but does no damage.
You are more poisoned.
Sonja closely misses you. x2; Sonja barely misses you. x2
Sonja hits you but does no damage.
You are more poisoned.
You miss Sonja. Your bite misses Sonja.
Sonja is lightly wounded.
* * * LOW HITPOINT WARNING * * *
You feel very sick. Sonja hits you but does no damage.
You are more poisoned.
Sonja hits you but does no damage. x2
You are more poisoned.
You die...

*
###.%..P.(#.#***********#.##
* ###.###.#,* #.##
*********#.*
#(#,******#######.##
,,,,,,,,,Z,*
#.#,,,,,,,.........#
********##**
#(#*******#######..# #.#
####... #r# #......
#K########## #.##.##
#.(@.......# #.##...
##########>###.##### #..†..#
#######


You could see Sonja.

Vanquished Creatures
  2 two-headed ogres
  A manticore (D:10)
  A gargoyle (D:8)
  A troll (D:10)
  A spriggan (D:8)
  Sigmund (D:3)
  A yak (D:10)
  3 wraiths (D:10)
  A porcupine (D:10)
  Duvessa (D:4)
  An orc warrior (D:9)
  3 ice beasts
  A necrophage (D:6)
  2 phantoms
  A sky beast (D:8)
  2 ogres
  A centaur (D:8)
  Blork the orc (D:5)
  2 big kobolds (Sewer)
  3 bullfrogs (D:7)
  A gnoll sergeant (D:9)
  Dowan (D:4)
  3 scorpions
  4 killer bees (D:8)
  A crimson imp (D:8)
  A quasit (D:9)
  3 orc wizards
  4 orc priests
  Crazy Yiuf (D:2)
  A bullfrog skeleton (D:7)
  4 hounds
  3 worker ants
  Terence (D:2)
  2 iguanas (D:8)
  Natasha (D:3)
  A killer bee zombie (D:8)
  2 hound skeletons
  A worker ant zombie (D:7)
  Robin (D:2)
  10 gnolls
  5 river rats (Sewer)
  10 adders
  A shadow imp (D:9)
  2 oozes
  An adder zombie (D:5)
  2 adder skeletons (D:7)
  A worm (D:6)
  A dart slug (D:2)
  9 leopard geckos
  37 orcs
  4 ball pythons
  6 bats
  3 giant cockroaches
  15 goblins
  8 hobgoblins
  4 jackals
  4 quokkas
  5 frilled lizards
  20 kobolds
  A quokka skeleton (D:5)
  A quokka zombie (D:7)
  23 rats
239 creatures vanquished.

Vanquished Creatures (others)
  A goblin (D:3)
  41 fungi (D:10)
  19 plants (D:10)
61 creatures vanquished.

Grand Total: 300 creatures vanquished

Notes
Turn   | Place    | Note
-------+----------+-------------------------------------------
     0 | D:1      | HAL9000 the Vine Stalker Assassin began the quest for the
                  | Orb.
     0 | D:1      | Reached XP level 1. HP: 11/11 MP: 2/2
   139 | D:1      | Reached skill level 5 in Stealth
   707 | D:1      | Reached XP level 2. HP: 15/15 MP: 3/3
   958 | D:2      | Found a runed translucent door.
   959 | D:2      | Noticed Crazy Yiuf
   966 | D:2      | Killed Crazy Yiuf
   966 | D:2      | Reached skill level 6 in Stealth
   966 | D:2      | Reached XP level 3. HP: 18/18 MP: 4/4
  1201 | D:2      | Noticed Robin
  1370 | D:2      | Gained mutation: Your natural rate of healing is unusually
                  | fast. [Vine Stalker growth]
  1370 | D:2      | Reached XP level 4. HP: 23/23 MP: 5/5
  1396 | D:2      | Killed Robin
  1490 | D:2      | Noticed Terence
  1592 | D:2      | Killed Terence
  1592 | D:2      | Reached skill level 7 in Stealth
  1844 | D:2      | Reached XP level 5. HP: 26/26 MP: 6/6
  2102 | D:2      | Found a glowing golden altar of the Shining One.
  2163 | D:3      | Noticed Natasha
  2170 | D:3      | Killed Natasha
  2364 | D:3      | Noticed Sigmund
  2374 | D:3      | Noticed Natasha
  2448 | D:3      | Found a white marble altar of Elyvilon.
  2557 | D:3      | Reached XP level 6. HP: 30/30 MP: 7/7
  2799 | D:3      | Killed Sigmund
  2799 | D:3      | Reached skill level 8 in Stealth
  2998 | D:4      | Found a glowing silver altar of Zin.
  3018 | D:4      | Found a staircase to the Ecumenical Temple.
  3157 | Temple   | Entered the Ecumenical Temple
  3369 | Temple   | Became a worshipper of Dithmenos the Shadowed
  3420 | D:4      | Reached XP level 7. HP: 34/34 MP: 8/8
  3504 | D:4      | Found a hide-covered altar of Uskayaw.
  3657 | D:4      | Found a shadowy altar of Dithmenos.
  3664 | D:4      | Noticed Dowan
  3691 | D:4      | Reached skill level 9 in Stealth
  3700 | D:4      | Killed Dowan
  3746 | D:4      | Noticed Duvessa
  3785 | D:4      | Killed Duvessa
  3785 | D:4      | Reached skill level 5 in Short Blades
  3888 | D:4      | Found Iffohupo's Gadget Shop.
  4027 | D:5      | Entered Level 5 of the Dungeon
  4033 | D:5      | Found a glowing drain.
  4053 | Sewer    | Entered a sewer
  4131 | Sewer    | Reached * piety under Dithmenos
  4297 | Sewer    | Gained mutation: You have razor-sharp teeth. [Vine Stalker
                  | growth]
  4297 | Sewer    | Reached XP level 8. HP: 38/38 MP: 9/9
  4365 | Sewer    | Reached ** piety under Dithmenos
  4376 | Sewer    | Reached skill level 10 in Stealth
  4732 | D:5      | Noticed Blork the orc
  4757 | D:5      | Killed Blork the orc
  4901 | D:5      | Found a basalt altar of Yredelemnul.
  5026 | D:5      | Found a shimmering altar of Xom.
  5026 | D:5      | Found an opulent altar of Gozag.
  5026 | D:5      | Found a sacrificial altar of Ru.
  5028 | D:5      | Found an ornate altar of the Wu Jian Council.
  5820 | D:6      | Found a burning altar of Makhleb.
  6331 | D:7      | Reached skill level 11 in Stealth
  6830 | D:7      | Reached XP level 9. HP: 42/42 MP: 10/10
  6902 | D:7      | Learned a level 3 spell: Regeneration
  6905 | D:7      | Learned a level 2 spell: Blink
  7226 | D:7      | Reached skill level 12 in Stealth
  7279 | D:8      | Noticed a two-headed ogre
  7365 | D:7      | Killed a two-headed ogre
  7365 | D:7      | Reached skill level 13 in Stealth
  7452 | D:8      | Found a bloodstained altar of Trog.
  7525 | D:8      | Reached *** piety under Dithmenos
  7585 | D:8      | Noticed a gargoyle
  7634 | D:8      | Killed a gargoyle
  7649 | D:8      | Reached skill level 14 in Stealth
  7649 | D:8      | Reached XP level 10. HP: 46/46 MP: 11/11
  8730 | D:10     | Entered Level 10 of the Dungeon
  8779 | D:10     | Noticed Josephine
  8815 | D:10     | Noticed a manticore
  8818 | D:10     | Killed a manticore
  8818 | D:10     | Reached skill level 15 in Stealth
  8855 | D:9      | Reached **** piety under Dithmenos
  8948 | D:10     | Found a staircase to the Orcish Mines.
  8966 | D:10     | Noticed a two-headed ogre
  9041 | D:10     | Killed a two-headed ogre
  9178 | D:10     | Noticed Sonja
  9215 | D:10     | Found a staircase to the Lair.
  9279 | D:10     | Succumbed to Sonja's poison

Levels and vault maps discovered:
D:1:      dpeg_arrival_boxorama, layout_basic
D:2:      layout_loops_ring, tso_oasis_becter, uniq_terence,
          uniq_crazy_yiuf_cottage, uniq_robin
D:3:      layout_loops_ring, elyvilon_altar_4, uniq_sigmund, uniq_natasha
D:4:      layout_loops_ring, eat_drink_and_be_merry_uskayaw, zin_academy,
          temple_doors_e, serial_shops, shop, first_ration,
          chequers_serial_rivers_small_3, nicolae_dithmenos_shadow_blocks,
          uniq_duvessa
D:5:      layout_basic, yredelemnul_altar_generic, minitemple,
          portal_sewer_entry_f, uniq_blork_the_orc
D:6:      layout_gridville, bloody_makhleb
D:7:      layout_layer_cave
D:8:      layout_rooms, basic_altar, the_bakery
D:9:      layout_irregular_city
D:10:     layout_loops_ring, due_lair_maze_entry_diamond, orc_0_dummy,
          lightli_fourway_metalbox, uniq_josephine, uniq_sonja
Temple:   hc_temple_tempest_star

Skill      XL: |  1  2  3  4  5  6  7  8  9 10 |
---------------+-------------------------------+-----
Stealth        | 5 6 7 8 9 11 14 15 | 15.9
Short Blades   | 2 3 4 5 6 8 9 |  9.4
Fighting       | |  1.7
Throwing       | |  1.7
Dodging        | |  0.7

Action                   |  1- 3 |  4- 6 |  7- 9 | 10-12 || total
-------------------------+-------+-------+-------+-------++-------
Melee: Dagger            |    49 |    30 |       |       ||    79
       Bite              |     7 |    39 |    67 |    66 ||   179
       Short sword       |       |    94 |   244 |   172 ||   510
 Fire: Blowgun           |       |     5 |     1 |       ||     6
Throw: Javelin           |       |       |       |     3 ||     3
  Use: Scroll            |       |     3 |     8 |     5 ||    16
       Potion            |       |       |       |     4 ||     4
 Stab: Sleeping          |     4 |     9 |    44 |    16 ||    73
  Eat: Chunk             |     1 |     6 |    14 |     5 ||    26
Armor: Robe              |     9 |    36 |    53 |     2 ||   100
       Leather armour    |       |       |       |    51 ||    51
Dodge: Dodged            |    20 |    72 |   116 |   116 ||   324

Table legend:
 A = Non-vault XP
 B = Vault XP
 C = Vault XP percentage of total XP
 D = Non-vault monster count
 E = Vault monster count
 F = Vault count percentage of total count
                 A         B        C        D         E       F
            +---------+---------+-------+---------+---------+-------
      Total |    6767 |    2045 |  23.2 |     161 |      78 |  32.6
            +---------+---------+-------+---------+---------+-------
        D:1 |      14 |       2 |  12.5 |      10 |       1 |   9.1
        D:2 |      43 |     111 |  72.1 |      14 |      14 |  50.0
        D:3 |     137 |     241 |  63.8 |      29 |       2 |   6.5
        D:4 |     240 |     214 |  47.1 |      19 |       2 |   9.5
        D:5 |      56 |     113 |  66.9 |       7 |       5 |  41.7
        D:6 |     310 |       0 |   0.0 |       9 |       0 |   0.0
        D:7 |    1666 |       0 |   0.0 |      18 |       0 |   0.0
        D:8 |    1454 |     215 |  12.9 |      20 |       1 |   4.8
        D:9 |     717 |       0 |   0.0 |      23 |       0 |   0.0
       D:10 |    2130 |     781 |  26.8 |      12 |       5 |  29.4
      Sewer |       0 |     368 | 100.0 |       0 |      48 | 100.0
            +---------+---------+-------+---------+---------+-------
